 Dungeon Crawl Stone Soup version 0.14-a0-226-gcf818b1 (webtiles) character file.

112 Malachi the Ducker (level 2, 15/15 HPs)
             Began as a Spriggan Abyssal Knight on Oct 10, 2013.
             Was a Believer of Lugonu.
             Got out of the dungeon alive.
             The game lasted 00:01:21 (911 turns).

Malachi the Ducker (Spriggan Abyssal Knight)         Turns: 911, Time: 00:01:21

HP  15/15        AC  2     Str  8      XL: 2   Next: 96%
MP   4/4         EV 19     Int 13      God: Lugonu [**....]
Gold 84          SH  0     Dex 15      Spells:  0 memorised,  1 level left

Res.Fire  : . . .   See Invis. : +   a - +2 spear
Res.Cold  : . . .   Warding    : .   b - +0 robe
Life Prot.: . . .   Conserve   : .   (shield restricted)
Res.Poison: .       Res.Corr.  : .   (helmet restricted)
Res.Elec. : .       Clarity    : .   (no cloak)
Sust.Abil.: . .     Spirit.Shd : .   (gloves unavailable)
Res.Mut.  : .       Stasis     : .   (boots unavailable)
Res.Rott. : .       Flight     : .   (no amulet)
Saprovore : . . .                    (no ring)
                                     (no ring)

@: very quick, slightly resistant to hostile enchantments, unstealthy
A: unfitting armour, see invisible, herbivore 3, speed 3, slow metabolism 2
a: Depart the Abyss, Bend Space, Renounce Religion


You escaped.
You worshipped Lugonu.
Lugonu was pleased with you.
You were not hungry.

You visited 1 branch of the dungeon, and saw 1 of its levels.
You visited the Abyss 1 time.

You collected 64 gold pieces.

Inventory:

Hand weapons
 a - a +2,+2 spear (weapon)
Armour
 b - a +0 robe (worn)
Scrolls
 e - a scroll of curse jewellery {unknown}
 g - a scroll of identify {unknown}
 h - 2 scrolls of curse weapon {unknown}
 i - 3 scrolls of remove curse {unknown}
 m - a scroll of enchant armour {unknown}
Potions
 c - a potion of porridge
 d - a potion of agility {unknown}
 f - 3 potions of brilliance {unknown}
 j - a potion of heal wounds {unknown}
 k - a potion of curing {unknown}
 l - 2 potions of flight {unknown}


   Skills:
 + Level 2.8 Fighting
 + Level 1.8 Polearms
 + Level 3.9 Dodging
 + Level 2.1 Invocations


You had one spell level left.
You didn't know any spells.

Dungeon Overview and Level Annotations

Branches:
Dungeon (1/27)

Altars:


Innate Abilities, Weirdness & Mutations

You are tiny and cannot use many weapons and most armour.
You have supernaturally acute eyesight.
You are a herbivore.
You cover ground extremely quickly.
You need consume almost no food.


Message History

Key pressed, stopping explore.
l - 2 fuming silvery potions You see here a rotting rat corpse.
Key pressed, stopping explore.
m - a scroll labeled IFAGEL TESENE No target in view!
No target in view!
No target in view!
Done exploring.
Done exploring.
Done exploring.
Done exploring.
Done exploring.
You enter the shallow water.
Moving in this stuff is going to be slow.
There is a staircase leading out of the dungeon here.
Use which ability? (? or * to list)
Okay, then.
Are you sure you want to leave the Dungeon?
This will make you lose the game!
You have escaped!

.#........)....#.)......###
###)
.#.####..#######.#######..#
#... .#.#
#....####...####....# #...
...#####.....#..≈..#.....##
#...
.......#8..≈....≈....≈..8#
#...
...###.##...≈..≈≈≈..≈...##
#... ...#
#.#.....≈≈≈≈≈≈≈.....## ###.
...# #.....≈≈≈≈...≈≈≈≈....#
#. ####
#...≈≈≈≈≈..@..≈≈≈≈≈..# #.
#.....≈≈≈≈...≈≈≈≈....# #.
### #.#.....≈≈≈≈≈≈≈..%..##
#. ..#
#.##...≈..≈≈≈..≈...## #.
..# #.#8..≈....≈....≈..8#
#. ..#
#.#.....#..≈..#.....## #.
######.....####...####....#
#. .........#######.##
###..# #.
##########.......##########
#.


There were no monsters in sight!

Vanquished Creatures
  A giant gecko (D:1)
  4 bats (D:1)
  2 hobgoblins (D:1)
  4 jackals (D:1)
  2 giant newts (D:1)
  8 goblins (D:1)
  3 kobolds (D:1)
  4 rats (D:1)
28 creatures vanquished.

Notes
Turn   | Place    | Note
--------------------------------------------------------------
     0 | Abyss:1  | Malachi, the Spriggan Abyssal Knight, began the quest for the Orb.
     0 | Abyss:1  | Reached XP level 1. HP: 11/11 MP: 2/2
    25 | Abyss:1  | Noticed a smoke demon
    25 | Abyss:1  | Noticed a smoke demon
    25 | Abyss:1  | Noticed a hellwing
    25 | D:1      | Escaped the Abyss
    87 | D:1      | Acquired Lugonu's first power
   114 | D:1      | Reached XP level 2. HP: 15/15 MP: 4/4
   577 | D:1      | Acquired Lugonu's second power
   911 | D:$      | Got out of the dungeon alive.

Action                   || total
-------------------------++-------
Melee: Spear             ||    66
Invok: Depart the Abyss  ||     1
 Stab: Sleeping          ||     1
